 Dungeon Crawl Stone Soup version 0.29-a0-360-g8ed1089bbe (webtiles) character file.

Game seed: 3342969812051881488

108 domi the Conjurer (level 4, -1/30 HPs)
             Began as a Demonspawn Hedge Wizard on Apr 28, 2022.
             Slain by a gnoll
             ... wielding a +0 whip
              (6 damage)
             ... on level 2 of the Dungeon.
             The game lasted 00:02:47 (2384 turns).

domi the Conjurer (Demonspawn Hedge Wizard)         Turns: 2384, Time: 00:02:48

Health: -1/30      AC:  2    Str: 10    XL:     4   Next: 58%
Magic:  0/8        EV: 12    Int: 18    God:
Gold:   59         SH:  0    Dex: 12    Spells: 1/9 levels left

rFire   . . .      SeeInvis .   a - +0 dagger
rCold   . . .      Faith    .   (no shield)
rNeg    . . .      Spirit   .   b - +0 robe
rPois   .          Reflect  .   c - +0 hat
rElec   .          Harm     .   (no cloak)
rCorr   .          Rampage  .   (no gloves)
Will    .....                   (no boots)
Stlth   ++........              (no amulet)
HPRegen 0.10/turn               (no ring)
MPRegen 0.11/turn               (no ring)

@: no status effects
A: powered by death 1
a: no special abilities


You were on level 2 of the Dungeon.
You visited 1 branch of the dungeon, and saw 2 of its levels.

You collected 59 gold pieces.

Inventory:

Hand Weapons
 a - a +0 dagger (weapon)
Armour
 b - a +0 robe (worn)
 c - a +0 hat (worn)
 n - a +0 pair of gloves
   (You found it on level 2 of the Dungeon)
Jewellery
 h - a ring of protection from cold {rC+}
   (You found it on level 1 of the Dungeon)
Scrolls
 e - 2 scrolls of identify {unknown}
 f - a scroll of immolation {unknown}
 k - a scroll of fear {unknown}
 l - a scroll of holy word {unknown}
 m - a scroll of brand weapon {unknown}
Potions
 d - a potion of magic
 g - 3 potions of curing {unknown}
 i - 3 potions of brilliance {unknown}
 j - 2 potions of berserk rage {unknown}


   Skills:
 - Level 1.7 Dodging
 - Level 1.7 Stealth
 - Level 3.0 Spellcasting
 + Level 4.5 Conjurations
 - Level 1.0 Summonings
 - Level 0.8 Translocations


You had one spell level left.
You knew the following spells:

 Your Spells              Type           Power      Damage    Failure   Level
b - Blink                 Tloc           10%        N/A       17%         2
c - Mephitic Cloud        Conj/Pois/Air  8%         N/A       26%         3
x - Call Imp              Summ           6%         N/A       16%         2
z - Magic Dart            Conj           76%        1d6       2%          1

Your spell library contained the following spells:

 Spells                   Type           Power      Damage    Failure   Level
 Slow                     Hex            8%         N/A       16%         1
 Conjure Flame            Conj/Fire      10%        6-21      19%         3
 Portal Projectile        Hex/Tloc       8%         N/A       38%         3
 Blade Hands              Tmut           1%         N/A       99%         5
 Excruciating Wounds      Necr           1%         N/A       99%         5


Dungeon Overview and Level Annotations

Branches:
Dungeon (2/15)

Altars:


Innate Abilities, Weirdness & Mutations

You regenerate a little health from kills.


Message History

You take 1 damage, and have 10/30 hp.
You miss the jackal. The jackal closely misses you. x2
Aim: a jackal (heavily wounded, 100% to hit)
The magic dart hits the jackal but does no damage.
The jackal barely misses you.
You now have 0/8 mp.
You completely miss the jackal.
The jackal bites you but does no damage.
You closely miss the jackal. The jackal bites you.
* * * LOW HITPOINT WARNING * * *
The jackal barely misses you.
You take 1 damage, and have 9/30 hp.
You barely miss the jackal. The jackal bites you.
* * * LOW HITPOINT WARNING * * *
You take 2 damage, and have 7/30 hp.
You hit the jackal. The jackal barely misses you.
The jackal closely misses you.
You hit the jackal.
You kill the jackal!
You hit the kobold. The kobold misses you.
You hit the kobold.
You kill the kobold!
You regained 2 hp, and now have 11/30 hp.
Things that are here:
a +0 short sword; a jackal corpse; a jackal corpse You start resting.
Health restored: 30; MP restored: 8
Things that are here:
a jackal corpse; an adder corpse An endoplasm comes into view.
Found two stone staircases leading down.
An endoplasm is nearby!
An endoplasm is nearby!
Aim: an endoplasm (asleep, 100% to hit)
The magic dart hits the endoplasm.
You kill the endoplasm!
You now have 7/8 mp.
You can't see any susceptible monsters within range! (Use Z to cast anyway.)
You can't see any susceptible monsters within range! (Use Z to cast anyway.)
You can't see any susceptible monsters within range! (Use Z to cast anyway.)
A gnoll comes into view. It is wielding a +0 club.
MP restored: 8 A gnoll is nearby!
A gnoll is nearby!
A gnoll is nearby!
Aim: a gnoll, wielding a +0 club (asleep, 100% to hit)
The magic dart hits the gnoll.
The gnoll shouts!
You hear a shout!
A gnoll comes into view. It is wielding a +0 whip.
You hear a shout!
You now have 7/8 mp.
Aim: a gnoll, wielding a +0 whip (100% to hit)
The magic dart hits the gnoll.
You now have 6/8 mp.
Aim: a gnoll, wielding a +0 whip (heavily wounded, 100% to hit)
The magic dart hits the gnoll.
You now have 5/8 mp.
Aim: a gnoll, wielding a +0 whip (severely wounded, 100% to hit)
The magic dart hits the gnoll.
A gnoll comes into view. It is wielding a +0 whip.
The gnoll closely misses you.
You now have 4/8 mp.
Aim: a gnoll, wielding a +0 whip (severely wounded, 100% to hit)
The magic dart hits the gnoll.
The gnoll barely misses you.
You now have 3/8 mp.
Aim: a gnoll, wielding a +0 whip (almost dead, 100% to hit)
The magic dart hits the gnoll.
You kill the gnoll!
You now have 2/8 mp.
Aim: a gnoll, wielding a +0 club (moderately wounded, 100% to hit)
The magic dart hits the gnoll.
The gnoll hits you with a +0 club!
You take 8 damage, and have 22/30 hp.
MASSIVE DAMAGE!!
You now have 1/8 mp.
Aim: a gnoll, wielding a +0 club (moderately wounded, 100% to hit)
The magic dart hits the gnoll.
The gnoll barely misses you.
You now have 0/8 mp.
You hit the gnoll. The gnoll hits you with a +0 club.
You take 4 damage, and have 18/30 hp.
You barely miss the gnoll. The gnoll hits you with a +0 club.
You take 3 damage, and have 15/30 hp.
You hit the gnoll but do no damage. The gnoll misses you.
You barely miss the gnoll. The gnoll hits you with a +0 club.
You take 2 damage, and have 13/30 hp.
Aim: a gnoll, wielding a +0 club (severely wounded, 100% to hit)
The magic dart hits the gnoll.
You kill the gnoll!
The gnoll throws a throwing net.
The throwing net hits you.
You become entangled in the net!
You now have 0/8 mp.
You struggle against the net.
You tear a large gash into the net.
The gnoll hits you with a +0 whip.
You take 3 damage, and have 12/30 hp.
You struggle against the net.
The gnoll hits you with a +0 whip!
* * * LOW HITPOINT WARNING * * *
You take 7 damage, and have 5/30 hp.
MASSIVE DAMAGE!!
You rip the net and break free!
The gnoll hits you with a +0 whip.
You die...

#.### #.# #.# #.#
###########+ #.#
#.#.#......#
#.#######.#.# .....
..........#># ...
...........># #g#
#.##........####@#
#.#..#......##.#.#
............##.#.#
.....#^.#........#
.....#..#...##.###
#...##.###...#...#
#...#..#.#...#.#####
##.##.##.##........#
.#.#..#...#..#.###.#


You could see a gnoll.

Vanquished Creatures
  2 gnolls (D:2)
  3 adders (D:2)
  2 dart slugs
  5 endoplasms
  A giant cockroach (D:1)
  5 goblins
  8 hobgoblins
  4 jackals (D:2)
  4 quokkas
  3 ball pythons (D:1)
  A bat (D:2)
  2 frilled lizards
  9 kobolds
  4 rats
53 creatures vanquished.

Notes
Turn   | Place    | Note
-------+----------+-------------------------------------------
     0 | D:1      | domi the Demonspawn Hedge Wizard began the quest for the
                  | Orb.
     0 | D:1      | Reached XP level 1. HP: 13/13 MP: 4/4
   180 | D:1      | Reached skill level 2 in Conjurations
   244 | D:1      | Gained mutation: You regenerate a little health from kills.
                  | [demonic ancestry]
   244 | D:1      | Reached XP level 2. HP: 19/19 MP: 1/6
   755 | D:1      | Reached skill level 3 in Conjurations
   822 | D:1      | Reached XP level 3. HP: 24/24 MP: 4/7
   825 | D:1      | Learned a level 2 spell: Call Imp
   828 | D:1      | Learned a level 2 spell: Blink
   832 | D:1      | Learned a level 3 spell: Mephitic Cloud
  1927 | D:2      | Reached XP level 4. HP: 20/30 MP: 0/8
  2123 | D:2      | Reached skill level 4 in Conjurations
  2162 | D:2      | HP: 7/30 [jackal (3)]
  2383 | D:2      | HP: 5/30 [gnoll/+0 whip (8)]
  2384 | D:2      | Slain by a gnoll

Illustrated notes

Levels and vault maps discovered:
D:1:      erik_arrival_triangle_medium, layout_loops_ring, grunt_decor_junction
D:2:      minmay_alternating_diamond, layout_basic, serial_rivers,
          chequers_serial_rivers_small_b, chequers_serial_rivers_marsh,
          chequers_serial_rivers_large_b, chequers_serial_rivers_micro_b,
          chequers_serial_rivers_room_b, chequers_serial_rivers_small_a,
          minmay_unequal

Skill      XL: |  1  2  3  4 |
---------------+-------------+-----
Conjurations   | 2 3 4 |  4.5
Dodging        | |  1.7
Stealth        | |  1.7
Spellcasting   | |  3.0
Summonings     | |  1.0
Translocations | |  0.8

Action                   |  1- 3 |  4- 6 || total
-------------------------+-------+-------++-------
Melee: Dagger            |    19 |    36 ||    55
 Cast: Magic Dart        |   100 |    27 ||   127
Armor: Robe              |     5 |     7 ||    12
Dodge: Dodged            |    16 |    32 ||    48

Table legend: (Time is in decaauts)
 A = Elapsed time spent in this place.
 B = Non-inter-level travel time spent in this place.
 C = Inter-level travel time spent in this place.
 D = Time resting spent in this place.
 E = Time spent auto-exploring this place.
 F = Levels seen in this place.
 G = Mean time per level.
                   A        B        C        D        E       F      G
               +--------+--------+--------+--------+--------+-----+--------+
         Total |   2383 |   2345 |     38 |    528 |   1508 |   2 | 1191.5 |
       Dungeon |   2383 |   2345 |     38 |    528 |   1508 |   2 | 1191.5 |
               +--------+--------+--------+--------+--------+-----+--------+

Top non-repeatable levels by time:
     D:1: 1323 daAuts
     D:2: 1060 daAuts

Table legend:
 A = Kills in this place as a percentage of kills in entire the game.
 B = Kills by you in this place as a percentage of kills by you in the entire game.
 C = Kills by friends in this place as a percentage of kills by friends in the entire game.
 D = Other kills in this place as a percentage of other kills in the entire game.
 E = Experience gained in this place as a percentage of experience gained in the entire game.
 F = Experience gained in this place divided by the number of levels of this place that you have seen.
                   A       B       C       D       E      F
               +-------+-------+-------+-------+-------+----------------------
         Total | 100.0 | 100.0 |   N/A |   N/A | 100.0 |  77.5
       Dungeon | 100.0 | 100.0 |   N/A |   N/A | 100.0 |  77.5
               +-------+-------+-------+-------+-------+----------------------
